 Dungeon Crawl Stone Soup version 0.28.0-45-g0d030f2227 (webtiles) character file.

Game seed: 1729089823075158315

1481 Revguard the Sneak (level 9, -4/79 HPs)
             Began as a Kobold Brigand on Apr 1, 2022.
             Was an Initiate of Dithmenos.
             Slain by a gnoll
             ... wielding a +0 flail
              (10 damage)
             ... on level 5 of the Dungeon.
             The game lasted 00:17:39 (4803 turns).

Revguard the Sneak (Kobold Brigand)                 Turns: 4803, Time: 00:17:40

Health: -4/79      AC:  6    Str:  9    XL:     9   Next: 7%
Magic:  9/9        EV: 17    Int: 12    God:    Dithmenos [......]
Gold:   56         SH:  0    Dex: 20    Spells: 8/8 levels left

rFire   . . .      SeeInvis .   r - +5 dagger of Huigerph {drain, rElec}
rCold   . . .      Faith    .   (no shield)
rNeg    . . .      Spirit   .   b - +0 robe
rPois   .          Reflect  .   m - +0 helmet
rElec   +          Harm     .   c - +0 cloak
rCorr   .          Rampage  .   f - +0 pair of gloves
Will    .....                   o - +0 pair of boots
Stlth   ..........              (no amulet)
HPRegen 0.23/turn               (no ring)
MPRegen 0.11/turn               (no ring)

@: berserking, very quick
A: small, no large weapons, nightstalker 3
a: Renounce Religion


You were on level 5 of the Dungeon.
You worshipped Dithmenos.
Dithmenos was noncommittal.
You visited 2 branches of the dungeon, and saw 6 of its levels.

You collected 210 gold pieces.
You spent 154 gold pieces at shops.

Inventory:

Hand Weapons
 a - a +2 dagger
 h - a +0 short sword
 r - the +5 dagger of Huigerph (weapon) {drain, rElec}
   (You bought it in a shop on level 2 of the Dungeon)

   A truly terrible weapon, it drains the life of any living foe it strikes.
   rElec:     It insulates you from electricity.
Armour
 b - a +0 robe (worn)
 c - a +0 cloak (worn)
 f - a +0 pair of gloves (worn)
 l - a scarf of shadows
 m - a +0 helmet (worn)
 o - a +0 pair of boots (worn)
Jewellery
 g - a +6 ring of intelligence
 j - a ring of magical power
Wands
 s - a wand of iceblast (4)
Scrolls
 n - a scroll of immolation
Potions
 e - 2 potions of lignification
 i - a potion of berserk rage
 k - a potion of resistance
 t - a potion of magic {unknown}


   Skills:
 + Level 4.9 Fighting
 + Level 6.1 Short Blades
 + Level 5.0 Throwing
 + Level 3.3 Armour
 + Level 5.0 Dodging
 + Level 7.9 Stealth
 + Level 2.7 Evocations


You had 8 spell levels left.
You didn't know any spells.
Your spell library contained the following spells:

 Spells                   Type           Power      Damage    Failure   Level
 Conjure Flame            Conj/Fire      0%         6-21      69%         3
 Ignite Poison            Fire/Tmut/Pois 0%         N/A       69%         3
 Sticky Flame             Conj/Fire      0%         2d3       97%         4


Dungeon Overview and Level Annotations

Branches:
Dungeon (5/15)             Temple (1/1) D:4

Altars:
Ashenzari
Cheibriados
Dithmenos
Elyvilon
Fedhas
Gozag
Makhleb
Nemelex Xobeh
Qazlal
Ru
Trog
Uskayaw
Xom
Yredelemnul
Zin

Shops:
D:2 (


Innate Abilities, Weirdness & Mutations

You are small and have problems with some larger weapons.
You are completely attuned to the shadows.


Message History

The gnoll shaman hits you with a +0 club.
The yak closely misses you. The yak gores you! The yak misses you.
The yak misses you.
The gnoll throws a throwing net.
The throwing net closely misses you.
The gnoll shaman calls upon its god to speed up the gnoll.
The gnoll seems to speed up.
The gnoll shaman calls upon its god to heal the gnoll.
The gnoll's wounds heal themselves!
The gnoll misses you. The gnoll hits you with a +0 whip!
The gnoll closely misses you. The gnoll hits you with a +0 whip.
The gnoll misses you. The gnoll misses you. The gnoll hits you with a +0 whip.
The gnoll hits you with a +0 whip. The gnoll misses you.
The gnoll hits you with a +0 whip.
* * * LOW HITPOINT WARNING * * *
The gnoll closely misses you. The gnoll hits you with a +0 whip!
* * * LOW HITPOINT WARNING * * *
You see here a +0 halberd of holy wrath.
Okay, then.
The gnoll closely misses you.
It was a potion of berserk rage.
A red film seems to cover your vision as you go berserk!
You feel yourself moving faster!
You feel mighty! The gnoll completely misses you. The gnoll misses you.
You puncture the gnoll!
You kill the gnoll!
Dithmenos accepts your kill.
Your Throwing skill increases to level 5!
The gnoll closely misses you. The yak gores you.
* * * LOW HITPOINT WARNING * * *
Things that are here:
a +0 whip; a scroll labelled MESHRE MAXUMIO; a gnoll corpse You closely miss the gnoll.
The gnoll hits you with a +0 flail!
You die...

# # ####### ###
###########....Y########.#
..............Yg@.......##
...............###....###
....####......## #..###
##### #....### ##.# #
###### ###.### ###.....#
##.......# #.......##
#####
##........####...####


You could see 2 yaks and a gnoll.

Vanquished Creatures
  Sigmund (D:2)
  2 yaks (D:5)
  A steam dragon (D:4)
  Duvessa (D:5)
  A black bear (D:4)
  2 ogres
  A phantom (D:5)
  A bullfrog (D:4)
  Dowan (D:5)
  A howler monkey (D:5)
  A hound (D:5)
  A centaur skeleton (D:4)
  An iguana (D:4)
  An orc wizard (D:4)
  4 gnolls (D:5)
  5 adders
  An ufetubus (D:5)
  An adder zombie (D:5)
  A worm (D:2)
  2 dart slugs
  8 orcs
  6 bats
  6 endoplasms
  2 giant cockroaches (D:1)
  8 goblins
  10 hobgoblins
  3 jackals (D:3)
  2 quokkas (D:2)
  4 ball pythons
  4 frilled lizards
  10 kobolds
  2 rats
95 creatures vanquished.

Notes
Turn   | Place    | Note
-------+----------+-------------------------------------------
     0 | D:1      | Revguard the Kobold Brigand began the quest for the Orb.
     0 | D:1      | Reached XP level 1. HP: 12/12 MP: 1/1
   156 | D:1      | Reached XP level 2. HP: 17/17 MP: 2/2
   735 | D:1      | Reached XP level 3. HP: 22/22 MP: 3/3
   952 | D:1      | Found a faded altar of an unknown god.
  1188 | D:2      | Found a bloodstained altar of Trog.
  1223 | D:2      | Reached skill level 1 in Armour
  1476 | D:2      | Noticed Sigmund
  1483 | D:2      | Killed Sigmund
  1484 | D:2      | Reached skill level 6 in Stealth
  1484 | D:2      | Reached XP level 4. HP: 22/28 MP: 4/4
  1484 | D:2      | Reached XP level 5. HP: 25/32 MP: 5/5
  1484 | D:2      | Reached XP level 6. HP: 29/37 MP: 6/6
  1796 | D:2      | Found Ystraf Zuskapn's Antique Weapon Shoppe.
  2791 | D:3      | Found a snail-covered altar of Cheibriados.
  2898 | D:4      | Noticed a steam dragon
  2901 | D:4      | Killed a steam dragon
  2902 | D:4      | Reached XP level 7. HP: 41/41 MP: 7/7
  3309 | D:4      | Reached skill level 5 in Short Blades
  3309 | D:4      | Reached skill level 7 in Stealth
  3482 | D:4      | Reached XP level 8. HP: 28/48 MP: 8/8
  3653 | D:2      | Bought an encrusted dagger for 154 gold pieces
  3653 | D:2      | Identified the +5 dagger of Huigerph {drain, rElec} (You
                  | bought it in a shop on level 2 of the Dungeon)
  3715 | D:4      | Found a staircase to the Ecumenical Temple.
  3721 | Temple   | Entered the Ecumenical Temple
  3828 | Temple   | Became a worshipper of Dithmenos the Shadowed
  3984 | D:4      | You fall into a shaft and drop 1 floor!
  3984 | D:5      | Entered Level 5 of the Dungeon
  4003 | D:5      | Reached skill level 1 in Evocations
  4197 | D:5      | Noticed a yak
  4198 | D:5      | Noticed a yak
  4198 | D:5      | Noticed a yak
  4228 | D:5      | Killed a yak
  4454 | D:5      | Noticed Dowan
  4455 | D:5      | Noticed Duvessa
  4458 | D:5      | Killed Dowan
  4479 | D:5      | Killed Duvessa
  4709 | D:5      | Noticed a yak
  4725 | D:5      | Killed a yak
  4726 | D:5      | Reached skill level 5 in Dodging
  4726 | D:5      | Reached XP level 9. HP: 30/53 MP: 9/9
  4802 | D:5      | Reached skill level 5 in Throwing
  4803 | D:5      | Slain by a gnoll

Illustrated notes

Levels and vault maps discovered:
D:1:      giann_bridges, layout_basic, hellmonk_ecumenical_altar_prayer_group
D:2:      layout_basic, serial_shops, nicolae_lakefront_shop, basic_altar,
          minmay_misc_feat_columns, minivault_27, corexii_corridor_pit,
          corexii_shack, uniq_sigmund
D:3:      layout_basic, mainiacjoe_overflow_catwalk, kennysheep_generic_room_14
D:4:      minmay_inner_zag, layout_loops_cross, minmay_temple_entry_waves,
          guppyfry_early_lair_pool, uniq_robin
D:5:      layout_cave_pods, uniq_duvessa
Temple:   nicolae_temple_god_jail

Skill      XL: |  1  2  3  4  5  6  7  8  9 |
---------------+----------------------------+-----
Short Blades   | 3 4 5 6 |  6.1
Dodging        | 2 3 4 5 |  5.0
Armour         | 1 2 3 |  3.3
Fighting       | 3 4 |  4.9
Throwing       | 3 4 5 |  5.0
Stealth        | 6 7 |  7.9
Evocations     | 2 |  2.7

Action                   |  1- 3 |  4- 6 |  7- 9 || total
-------------------------+-------+-------+-------++-------
Melee: Dagger            |    58 |    80 |   128 ||   266
       Short sword       |     2 |       |       ||     2
       Punch             |     2 |     1 |     2 ||     5
Throw: Dart              |    12 |     4 |    33 ||    49
Evoke: Wand              |       |       |    12 ||    12
  Use: Scroll            |       |     5 |     1 ||     6
       Potion            |       |     4 |     2 ||     6
 Stab: Sleeping          |    21 |     6 |    13 ||    40
       Distracted        |       |       |     1 ||     1
       Paralysed         |       |       |     3 ||     3
Armor: Robe              |     7 |    12 |    20 ||    39
Dodge: Dodged            |    22 |    52 |   130 ||   204
